Map: 오토메이턴 - 래더

Players

Serral

  • Race: Zerg Zerg
  • Spawn Location: 9:00

INnoVation - Winner!

  • Race: Terran Terran
  • Spawn Location: 3:00

Event: IEM Season 13: Katowice (2019)

VOD

Have the link to the VOD?

Description

Time

  • Played on: March 1, 2019, 10:41 a.m.
  • Length: 42:50

All games in this series

Show
View Real Time Build Order
Export as new Build Order

Serral Zerg 

Build Orders: Hatch First, Brood Lord Corruptor 

Get SALT Encoding   

  12  0:01  Drone  
  13  0:12  Overlord  
  13  0:18  Drone  
  14  0:30  Drone x2  
  16  0:49  Hatchery  
  15  0:53  Drone  
  15  0:56  Drone  
  17  1:00  Drone  
  18  1:10  Extractor  
  17  1:16  Spawning Pool  
  16  1:18  Drone  
  16  1:22  Drone  
  18  1:28  Drone  
  19  1:39  Drone  
  20  1:49  Drone  
  21  2:02  Queen x2  
  21  2:03  Overlord  
  21  2:04  Zergling x2  
  26  2:11  Zergling x2  
  27  2:19  Drone  
  28  2:23  Drone  
  28  2:24  Metabolic Boost, Drone  
  30  2:33  Drone x2  
  32  2:38  Queen  
  32  2:44  Overlord  
  34  2:45  Drone  
  35  2:56  Drone  
  36  3:03  Drone  
  37  3:06  Drone  
  37  3:09  Drone  
  37  3:11  Drone  
  39  3:13  Drone x2  
  39  3:14  Queen  
  39  3:19  Hatchery  
  42  3:21  Overlord  
  42  3:24  Zergling x2  
  43  3:29  Zergling x2  
  44  3:40  Zergling x2  
  44  3:41  Drone x2  
  47  3:43  Overlord  
  47  3:45  Overlord  
  49  3:50  Overlord  
  47  4:01  Overlord  
  47  4:04  Zergling x6  
  47  4:05  Queen  
  47  4:06  Drone x2  
  47  4:07  Baneling Nest  
  52  4:13  Drone  
  52  4:15  Drone x3  
  56  4:19  Drone  
  56  4:22  Zergling x4  
  60  4:24  Drone x2  
  60  4:30  Spore Crawler  
  60  4:31  Lair, Drone  
  60  4:32  Drone  
  60  4:35  Drone  
  63  4:39  Queen  
  63  4:42  Drone x2  
  67  4:46  Queen  
  67  4:50  Zergling x2  
  67  4:51  Zergling x2  
  67  4:52  Drone x2  
  73  4:53  Drone  
  73  4:56  Drone x2  
  76  5:03  Zergling x2  
  76  5:04  Zergling x2  
  78  5:09  Zergling x2  
  79  5:15  Evolution Chamber, Extractor x2, Zergling x6  
  79  5:17  Overlord x2  
  79  5:20  Overlord  
  71  5:28  Drone x2  
  71  5:30  Drone x4  
  71  5:32  Queen x2  
  71  5:34  Centrifical Hooks  
  81  5:41  Extractor  
  80  5:44  Zerg Ground Armor Level 1  
  80  5:45  Drone x2  
  80  5:47  Drone x2  
  84  5:50  Drone x3  
  84  5:52  Overlord  
  86  6:01  Drone  
  86  6:02  Drone  
  88  6:07  Evolution Chamber, Zergling x6  
  88  6:08  Zergling x2  
  91  6:14  Queen x2  
  91  6:15  Hatchery  
  91  6:18  Baneling x4  
  94  6:19  Baneling x2  
  94  6:24  Zergling x10  
  99  6:36  Zerg Melee Weapons Level 1, Overlord  
  99  6:37  Overlord  
  99  6:38  Zergling x12  
  105  6:43  Zergling x2  
  105  6:44  Zergling x8  
  110  6:49  Baneling x2  
  102  6:56  Queen x2  
  102  6:58  Baneling x5  
  102  6:59  Baneling  
  104  7:03  Zergling x14  
  110  7:13  Drone x3  
  110  7:15  Baneling x7  
  113  7:17  Drone x5  
  118  7:24  Baneling x4  
  118  7:25  Zergling x10  
  123  7:33  Zergling x10  
  127  7:38  Queen, Zergling x4  
  131  7:46  Overlord  
  131  7:47  Zergling x8  
  131  7:48  Zerg Ground Armor Level 2  
  131  7:49  Baneling x4  
  131  7:50  Zergling x2  
  136  7:55  Zergling x6  
  135  7:59  Baneling x12  
  135  8:03  Overlord x2  
  132  8:19  Zergling x24  
  128  8:25  Drone x2  
  128  8:26  Hydralisk Den  
  129  8:28  Drone x2  
  129  8:33  Drone, Zerg Melee Weapons Level 2  
  132  8:35  Overlord  
  132  8:40  Drone x2  
  128  8:43  Zergling x8  
  126  8:48  Drone x2  
  126  8:53  Extractor  
  126  8:54  Infestation Pit  
  126  8:55  Drone x2  
  126  8:56  Drone, Muscular Augments  
  126  8:58  Drone  
  126  8:59  Pneumatized Carapace  
  126  9:00  Spore Crawler  
  129  9:04  Drone  
  129  9:05  Drone x3, Extractor  
  129  9:07  Hatchery  
  129  9:09  Hydralisk x4  
  139  9:15  Overlord  
  139  9:21  Hydralisk  
  139  9:22  Hydralisk x2  
  140  9:32  Hive, Drone  
  140  9:33  Drone x2  
  140  9:37  Hydralisk  
  140  9:38  Hydralisk  
  147  9:39  Overlord x2  
  147  9:41  Drone  
  147  9:42  Drone x3, Extractor, Hydralisk  
  147  9:43  Zergling x8  
  156  9:47  Overseer  
  155  9:53  Zergling x18  
  164  10:01  Baneling x10  
  164  10:02  Zergling x12  
  164  10:03  Zergling x2  
  168  10:07  Zergling x4  
  167  10:19  Hydralisk x3  
  167  10:20  Zergling x16  
  167  10:21  Queen  
  174  10:25  Drone  
  174  10:28  Drone x2  
  179  10:31  Spore Crawler  
  179  10:34  Hydralisk x2  
  179  10:35  Zergling x6  
  183  10:44  Overlord  
  183  10:45  Zerg Ground Armor Level 3  
  183  10:46  Adrenal Glands  
  183  10:49  Zergling x14  
  190  10:57  Zerg Melee Weapons Level 3  
  190  10:58  Overlord x2  
  190  11:01  Overlord  
  175  11:05  Grooved Spines  
  175  11:08  Viper  
  175  11:10  Zergling x24  
  177  11:13  Drone x4, Extractor  
  177  11:17  Viper  
  183  11:31  Extractor  
  183  11:32  Extractor  
  181  11:35  Spore Crawler, Drone x2  
  181  11:36  Drone, Spine Crawler  
  181  11:38  Spire  
  181  11:41  Spire  
  181  11:44  Spine Crawler  
  181  11:45  Drone x2, Hatchery  
  181  11:46  Spore Crawler  
  181  11:47  Spore Crawler x2  
  177  11:57  Baneling, Hatchery  
  177  11:58  Baneling x7  
  177  11:59  Baneling  
  168  12:10  Zergling x30  
  168  12:15  Drone x4  
  176  12:16  Drone x2  
  176  12:17  Drone  
  176  12:18  Drone x4  
  177  12:27  Baneling x3  
  176  12:39  Baneling x2  
  176  12:40  Baneling  
  175  12:52  Greater Spire  
  175  12:53  Zerg Flyer Weapons Level 1  
  175  12:57  Overlord  
  175  13:00  Zergling x12  
  175  13:01  Corruptor x5  
  175  13:02  Corruptor x3  
  197  13:07  Overseer x2  
  197  13:08  Overseer  
  197  13:17  Pathogen Glands  
  197  13:18  Burrow  
  195  13:23  Corruptor  
  197  13:31  Extractor x2  
  171  13:53  Drone x4  
  175  13:56  Spore Crawler  
  175  13:57  Spore Crawler  
  173  14:05  Infestor x4  
  173  14:06  Infestor x2  
  173  14:07  Spore Crawler x2  
  183  14:11  Spine Crawler  
  183  14:12  Spore Crawler  
  181  14:21  Brood Lord x9  
  199  14:32  Overlord  
  199  14:33  Overseer x2, Overlord x2  
  197  14:40  Extractor  
  197  14:43  Extractor  
  197  14:44  Extractor  
  194  14:56  Corruptor x2  
  194  14:57  Corruptor  
  200  15:10  Neural Parasite  
  200  15:13  Zerg Flyer Weapons Level 2, Spore Crawler x3  
  197  15:14  Spore Crawler, Zerg Flyer Armor Level 1  
  197  15:16  Drone x3  
  197  15:18  Spore Crawler  
  197  15:19  Spore Crawler, Overseer  
  197  15:20  Spore Crawler x3  
  194  15:22  Spore Crawler  
  193  15:37  Corruptor x3  
  193  15:40  Overseer  
  193  15:41  Overseer x3  
  199  15:44  Zerg Missile Weapons Level 1  
  199  16:05  Overlord  
  199  16:10  Overseer  
  199  16:18  Corruptor  
  200  16:28  Nydus Network  
  199  16:35  Overlord  
  197  16:55  Overseer  
  197  16:59  Corruptor  
  199  17:08  Drone  
  200  17:20  Spore Crawler  
  200  17:21  Spore Crawler, Drone x2  
  198  17:22  Spore Crawler  
  198  17:23  Hatchery  
  188  17:30  Drone x2  
  188  17:31  Drone  
  188  17:32  Spore Crawler  
  188  17:34  Drone x2  
  188  17:35  Drone x3  
  195  17:39  Overseer  
  195  17:40  Nydus Canal  
  195  17:47  Spore Crawler, Corruptor x3  
  195  17:48  Spore Crawler x2  
  195  17:49  Spore Crawler  
  197  18:02  Brood Lord  
  183  18:31  Corruptor x2, Zergling x20  
  183  18:32  Corruptor x3  
  188  18:34  Brood Lord  
  188  18:35  Brood Lord x2  
  188  18:36  Corruptor  
  188  18:37  Zergling x6  
  199  18:44  Nydus Canal  
  199  19:01  Baneling x26  
  199  19:19  Zerg Missile Weapons Level 2  
  189  20:07  Zergling x2  
  189  20:08  Zergling x18  
  167  20:28  Corruptor x16  
  182  20:36  Corruptor  
  182  20:38  Overlord x4  
  182  20:43  Overlord x4  
  182  20:45  Overseer x4  
  182  20:52  Overlord  
  182  21:07  Corruptor x4  
  182  21:08  Hatchery  
  198  21:13  Viper  
  199  21:21  Infestor x4  
  199  21:30  Zerg Flyer Armor Level 2, Zerg Flyer Weapons Level 3  
  199  21:47  Spore Crawler  
  199  21:48  Queen, Spore Crawler  
  199  22:10  Baneling x19  
  199  22:33  Zergling x2  
  200  22:43  Zergling x4  
  200  22:44  Zergling x2  
  198  23:07  Overseer  
  191  23:12  Corruptor  
  191  23:13  Corruptor x3  
  182  23:35  Drone x4  
  182  23:38  Corruptor x2  
  190  23:52  Drone x3  
  190  23:53  Baneling x7, Drone x2  
  188  23:56  Zergling x18  
  188  23:57  Zergling x6  
  138  24:40  Zergling x30  
  138  24:43  Corruptor  
  138  24:44  Corruptor x5  
  153  24:52  Brood Lord x2  
  159  24:53  Brood Lord x8  
  159  24:54  Brood Lord  
  159  24:57  Viper x3  
  184  25:00  Hatchery  
  184  25:01  Zergling x8  
  184  25:03  Infestor x3  
  192  25:21  Overlord  
  192  25:26  Overlord x4  
  192  25:27  Overseer x4, Overlord  
  192  25:39  Baneling x6  
  192  25:40  Baneling x6  
  192  25:41  Baneling, Zergling x8  
  192  25:42  Drone  
  199  25:44  Spore Crawler x3  
  199  25:46  Spore Crawler x2  
  199  25:47  Spore Crawler  
  191  26:00  Baneling x2  
  191  26:01  Overseer  
  191  26:02  Zerg Flyer Armor Level 3  
  191  26:04  Corruptor x4  
  191  26:10  Spore Crawler x2  
  197  26:15  Drone x2  
  199  26:28  Zergling x12  
  199  26:32  Zergling x8  
  199  26:39  Baneling x2  
  198  26:40  Infestor  
  198  26:44  Baneling x3  
  200  26:54  Infestor x2  
  200  27:12  Overseer  
  200  27:20  Hatchery  
  197  27:35  Zergling x2  
  197  27:36  Zergling x8  
  194  27:40  Zergling x8  
  192  27:47  Queen x2  
  192  28:01  Drone x3  
  192  28:04  Overseer  
  195  28:35  Drone x3, Extractor  
  195  28:39  Baneling x4  
  195  28:40  Zergling x6  
  199  28:59  Zergling x18  
  192  29:03  Zergling x2  
  192  29:04  Zergling x4  
  192  29:08  Hatchery  
  194  29:32  Hatchery  
  194  29:33  Baneling x3  
  182  30:02  Zergling x8  
  186  30:12  Drone x3  
  186  30:13  Drone  
  190  30:23  Spore Crawler  
  190  30:24  Spore Crawler  
  190  30:25  Spore Crawler  
  190  30:27  Spore Crawler  
  175  30:28  Viper x2  
  175  30:29  Viper  
  182  30:38  Baneling x3  
  182  30:40  Corruptor x2, Viper  
  182  30:41  Corruptor  
  191  30:43  Zergling x2  
  191  30:44  Zergling x14  
  191  30:46  Extractor  
  191  30:49  Overseer  
  198  30:56  Extractor  
  197  30:59  Extractor  
  192  31:20  Zergling x24  
  172  31:34  Extractor, Corruptor x9  
  172  31:35  Corruptor x2  
  190  31:47  Drone x2  
  190  31:50  Viper  
  193  31:58  Overlord x2  
  193  32:08  Overlord  
  193  32:09  Overseer x2  
  193  32:11  Baneling x3  
  193  32:12  Baneling x5  
  191  32:44  Infestor, Baneling x5  
  191  32:45  Infestor x2, Baneling  
  180  33:07  Viper x2  
  180  33:09  Brood Lord x5  
  196  33:14  Baneling x6  
  196  33:40  Extractor  
  194  33:52  Queen x3  
  200  33:59  Infestor x8  
  200  34:00  Infestor  
  200  34:02  Overseer  
  200  34:05  Overseer x2  
  194  34:51  Corruptor, Viper  
  175  35:58  Extractor  
  172  36:39  Overseer, Brood Lord x2  
  176  36:40  Infestor x3  
  182  36:55  Overlord x2  
  176  37:36  Infestor x2  
  170  37:45  Zergling x8  
  170  37:48  Queen x2  
  170  37:49  Queen  
  151  38:15  Brood Lord  
  153  38:22  Brood Lord  
  148  39:51  Queen x2  
  148  39:52  Queen x3  
  135  40:58  Spore Crawler  
  135  40:59  Spore Crawler  
  135  41:00  Spore Crawler  
  135  41:02  Spore Crawler  
  131  41:05  Brood Lord x2  
  131  41:07  Brood Lord  
  135  41:58  Corruptor  
Show
View Real Time Build Order
Export as new Build Order

INnoVation Terran - Winner!

Build Orders: Reaper Expand 

Get SALT Encoding   

  12  0:00  SCV  
  13  0:12  SCV  
  14  0:17  Supply Depot  
  14  0:24  SCV  
  15  0:39  SCV, Barracks  
  16  0:44  Refinery  
  16  0:51  SCV  
  17  1:03  SCV  
  18  1:15  SCV  
  19  1:27  Orbital Command, Reaper  
  20  1:42  Command Center  
  20  1:53  SCV  
  21  1:57  Barracks  
  21  2:01  Barracks Reactor  
  21  2:05  SCV  
  22  2:10  Supply Depot  
  22  2:17  SCV  
  22  2:19  Refinery  
  23  2:31  SCV  
  23  2:34  Factory  
  24  2:38  Marine x2  
  24  2:43  SCV  
  27  2:45  Barracks Tech Lab  
  27  2:53  Orbital Command  
  27  2:55  SCV  
  27  2:57  Marine  
  29  3:01  Marine  
  30  3:08  SCV  
  30  3:11  Stimpack  
  31  3:13  Marine  
  31  3:15  Marine  
  31  3:19  SCV  
  34  3:20  SCV  
  35  3:28  Starport  
  35  3:29  Factory Reactor  
  35  3:33  Marine x2  
  37  3:35  Marine  
  37  3:40  SCV x2  
  40  3:45  Supply Depot  
  40  3:52  SCV x2  
  40  3:53  Marine  
  40  3:54  Marine  
  40  3:55  Marine  
  45  3:57  Supply Depot  
  44  4:09  SCV x2  
  46  4:12  Medivac x2  
  46  4:14  Marine x3  
  53  4:21  Engineering Bay  
  53  4:23  SCV  
  54  4:25  SCV  
  54  4:26  Engineering Bay  
  54  4:29  Supply Depot  
  55  4:33  Marine x2  
  55  4:34  Marine  
  55  4:38  SCV x2  
  60  4:51  Terran Infantry Weapons Level 1, Supply Depot  
  60  4:52  Terran Infantry Armor Level 1, SCV x2  
  62  4:55  Marine x3  
  65  5:04  SCV  
  65  5:05  Supply Depot, SCV  
  67  5:11  Combat Shield  
  67  5:12  Marine  
  67  5:13  Marine x2  
  70  5:17  SCV x2  
  72  5:23  Command Center  
  67  5:30  Marine x2  
  67  5:31  Marine, SCV x2  
  67  5:33  Medivac x2  
  72  5:40  Refinery  
  72  5:41  Refinery  
  72  5:43  SCV x2  
  72  5:48  Factory Tech Lab  
  74  5:52  Marine x3  
  74  5:54  Barracks  
  77  5:57  SCV x2  
  77  5:59  Supply Depot  
  79  6:06  Siege Tank  
  79  6:10  Marine x3  
  85  6:15  SCV  
  85  6:16  Armory  
  86  6:21  SCV  
  86  6:22  Supply Depot  
  87  6:33  Marine x3, Barracks  
  87  6:34  SCV x2  
  87  6:35  Barracks  
  87  6:37  Orbital Command  
  92  6:43  Siege Tank  
  92  6:44  Barracks Reactor  
  95  6:57  Marine x3  
  95  7:00  SCV x2  
  103  7:02  Orbital Command  
  103  7:03  Supply Depot  
  103  7:06  Terran Infantry Armor Level 2, Terran Infantry Weapons Level 2  
  98  7:12  SCV x2  
  100  7:16  Marine x3  
  100  7:20  Siege Tank  
  100  7:22  Barracks Reactor  
  106  7:23  Barracks Reactor  
  106  7:28  SCV x3  
  106  7:29  Marine  
  109  7:31  Marine  
  109  7:34  Marine, Orbital Command  
  112  7:40  Medivac x2  
  112  7:43  Marine x2  
  117  7:47  Marine  
  117  7:49  Marine  
  118  7:52  Marine  
  118  7:53  SCV x2  
  119  8:04  Siege Tank  
  119  8:05  Marine x3  
  125  8:09  Supply Depot  
  125  8:11  Supply Depot  
  125  8:16  SCV  
  125  8:17  Marine  
  125  8:18  Marine  
  113  8:20  SCV x2  
  113  8:25  Refinery x2  
  112  8:28  Factory  
  112  8:29  Marine x3, SCV  
  112  8:31  Command Center  
  112  8:32  SCV x2  
  118  8:41  SCV  
  117  8:43  Marine, Siege Tank  
  117  8:45  Marine  
  117  8:47  Command Center  
  120  8:52  SCV  
  120  8:53  SCV x2  
  120  8:55  Medivac x2  
  127  9:06  Missile Turret  
  127  9:07  Supply Depot  
  127  9:08  Supply Depot  
  127  9:12  Marine, Factory Tech Lab  
  127  9:13  Marine x4  
  127  9:15  Siege Tank  
  133  9:27  SCV x3  
  133  9:30  Marine  
  133  9:31  Marine x6, Siege Tank  
  142  9:38  Terran Infantry Weapons Level 3  
  144  9:39  Terran Infantry Armor Level 3  
  144  9:47  Siege Tank  
  144  9:49  SCV x3  
  144  9:50  Marine x4  
  154  10:04  Siege Tank  
  157  10:11  SCV x3  
  157  10:12  Supply Depot  
  154  10:14  Supply Depot  
  154  10:18  Marine x2  
  156  10:22  Planetary Fortress  
  156  10:23  SCV x3  
  158  10:29  Barracks x2  
  158  10:31  Barracks  
  158  10:35  Command Center  
  157  10:42  Siege Tank x2  
  163  10:47  Terran Vehicle And Ship Armor Level 1  
  163  10:48  Sensor Tower  
  163  10:49  Refinery  
  163  10:53  Refinery, Sensor Tower  
  163  10:58  Medivac x2  
  163  11:00  Marine x5  
  166  11:15  SCV x3  
  166  11:16  Starport x2  
  166  11:17  Fusion Core, Barracks Tech Lab x2  
  166  11:18  Barracks Tech Lab  
  169  11:31  Marauder  
  169  11:32  Concussive Shells  
  171  11:36  Marine x2  
  171  11:39  Missile Turret, Sensor Tower  
  173  11:48  Orbital Command  
  173  11:55  Command Center  
  173  11:58  Command Center  
  173  12:01  Missile Turret  
  173  12:08  Starport Reactor, Starport Tech Lab  
  173  12:10  Liberator x3  
  173  12:12  Armory  
  173  12:13  Ghost Academy  
  170  12:26  Marauder x4  
  170  12:28  Advanced Ballistics  
  170  12:29  Marine  
  178  12:30  Marine x7  
  186  12:49  Marine x2, Medivac x2  
  186  12:50  Marine x5  
  186  12:51  Marine  
  188  12:52  Ghost x2  
  188  12:53  Ghost x2  
  188  12:54  Liberator  
  188  12:55  Liberator  
  188  13:03  Terran Ship Weapons Level 1, Terran Vehicle And Ship Armor Level 2, Command Center  
  188  13:07  Orbital Command  
  194  13:29  Ghost x2  
  194  13:30  Ghost  
  185  13:44  Viking  
  185  13:45  Viking  
  185  13:46  Viking, Ghost  
  185  13:47  Marine x7  
  195  13:54  Viking  
  195  13:55  Viking  
  199  14:00  Command Center  
  199  14:05  Marine  
  200  14:10  Planetary Fortress  
  200  14:14  Command Center  
  200  14:15  Command Center  
  200  14:16  Liberator x2, Orbital Command  
  200  14:17  Liberator x2  
  194  14:34  Viking  
  194  14:35  Sensor Tower, Ghost  
  194  14:36  Ghost  
  200  14:39  Command Center  
  200  14:49  Refinery  
  200  14:54  Missile Turret, Command Center  
  200  14:56  Refinery, Missile Turret  
  200  14:58  Missile Turret  
  200  15:13  Missile Turret  
  200  15:14  Missile Turret  
  200  15:15  Command Center  
  200  15:17  Command Center  
  200  15:18  Missile Turret  
  200  15:20  Missile Turret  
  200  15:38  Barracks  
  200  15:40  Barracks  
  200  15:41  Orbital Command x2  
  194  15:43  Command Center  
  194  15:45  Neosteel Armor, Hi-Sec Auto Tracking  
  194  15:46  Viking x3  
  200  15:56  Planetary Fortress  
  200  16:01  Personal Cloaking, Terran Ship Weapons Level 2, Terran Vehicle And Ship Armor Level 3  
  197  16:04  Viking  
  197  16:08  Missile Turret  
  199  16:28  Starport Reactor  
  199  16:35  Refinery  
  199  16:40  Sensor Tower  
  199  16:42  Refinery, Viking  
  200  16:50  Viking  
  200  16:51  Orbital Command x2  
  200  16:52  Ghost Academy  
  196  16:57  Orbital Command, Barracks Tech Lab x2  
  196  17:01  Ghost Academy  
  196  17:02  Ghost Academy  
  196  17:05  Ghost x2  
  200  17:09  Missile Turret  
  200  17:10  Missile Turret, Planetary Fortress  
  200  17:27  Nuke  
  199  17:55  Missile Turret x3  
  199  17:56  Missile Turret x2  
  197  17:59  Viking  
  197  18:02  Nuke x3  
  198  18:14  Marauder  
  197  18:22  Barracks Tech Lab  
  197  18:23  Barracks Tech Lab  
  197  18:26  Viking x3  
  197  18:32  Barracks  
  197  18:33  Terran Ship Weapons Level 3, Barracks  
  195  18:34  Refinery  
  195  18:38  Barracks Tech Lab  
  195  18:39  Marine, Marauder  
  195  18:40  Marauder  
  200  18:41  Refinery  
  200  18:54  Missile Turret, Orbital Command  
  200  18:55  Missile Turret  
  196  18:59  Ghost x2  
  195  19:18  Ghost  
  195  19:19  Ghost  
  195  19:20  Marine  
  195  19:23  Barracks Reactor  
  195  19:24  Barracks Reactor  
  200  19:27  Missile Turret  
  200  19:37  Command Center  
  200  19:38  Nuke  
  200  19:49  Nuke  
  200  19:57  Missile Turret  
  200  20:19  Ghost x3  
  199  20:27  Ghost x3  
  199  20:28  Marine x8  
  187  20:46  Marine x4  
  187  20:48  Marauder, Viking x2  
  187  20:49  Viking x2, Marauder x2  
  199  20:57  Marine, Sensor Tower  
  195  21:05  Planetary Fortress  
  195  21:11  Command Center  
  195  21:12  Missile Turret x2  
  195  21:13  Marine x2, Missile Turret  
  195  21:14  Missile Turret, Marauder  
  195  21:16  Marine  
  200  21:25  Orbital Command  
  200  21:33  Missile Turret x3  
  200  21:40  Refinery  
  200  21:41  Refinery  
  199  22:06  Marine  
  200  22:13  Nuke x2  
  196  22:18  Nuke  
  196  22:22  Marauder x2  
  200  22:35  Nuke  
  195  22:49  Ghost x2  
  199  22:58  Missile Turret  
  199  22:59  Missile Turret x2  
  199  23:00  Missile Turret  
  197  23:11  Ghost  
  197  23:12  Ghost  
  199  23:19  Viking  
  192  23:20  Viking  
  187  23:31  Nuke x3  
  187  23:32  Viking x3  
  187  23:33  Viking  
  188  23:39  Missile Turret  
  188  23:40  Missile Turret  
  188  23:41  Missile Turret, Ghost  
  188  23:42  Ghost x5  
  195  23:49  Viking  
  195  23:51  Viking  
  195  23:57  Marine x5  
  195  24:01  Nuke  
  192  24:11  Marauder x2  
  179  24:22  Marine, Ghost x3  
  179  24:23  Marine x5, Viking x5  
  180  24:28  Marauder  
  152  24:50  Marine  
  152  24:51  Marine x4, Marauder x2  
  161  24:55  Liberator  
  161  25:00  Liberator  
  157  25:07  Marine  
  157  25:08  Marine x2, Viking x3, Marauder x3  
  157  25:10  Viking  
  180  25:21  Liberator  
  180  25:26  Liberator  
  180  25:27  Missile Turret  
  180  25:29  SCV x2  
  180  25:31  Missile Turret x2  
  182  25:38  Liberator  
  182  25:42  Medivac x2  
  189  25:49  Missile Turret  
  192  25:52  Missile Turret  
  195  25:57  Missile Turret  
  195  26:00  Viking  
  197  26:08  Missile Turret  
  197  26:12  Viking, Nuke  
  199  26:21  Viking  
  199  26:29  Viking  
  199  26:30  Viking x2  
  193  26:38  Viking  
  195  26:42  Viking  
  195  26:44  Nuke  
  197  26:51  Viking  
  196  26:59  Viking  
  196  27:00  Viking  
  200  27:13  Nuke  
  200  27:19  Nuke  
  200  27:27  Missile Turret x2  
  200  27:29  Missile Turret  
  176  27:37  Medivac x3  
  176  27:39  Marine x7, Marauder x5  
  193  27:44  Orbital Command  
  193  27:47  Marine, Marauder, Medivac  
  193  27:48  Medivac  
  193  27:50  Nuke  
  200  28:04  Nuke x2  
  200  28:11  Nuke  
  192  28:45  Marine x2, Marauder  
  192  28:46  Marauder  
  192  28:59  Medivac x2  
  192  29:00  Marauder x2  
  200  29:14  Nuke  
  200  29:15  Nuke x2  
  184  30:01  Marine x5, Marauder x4  
  184  30:04  Marine  
  184  30:05  Marine x2, Marauder x2  
  200  31:13  Nuke x3  
  167  31:29  Marine x8, Marauder x2, Medivac x2  
  167  31:31  Marauder x2  
  187  31:37  Marine x2  
  189  31:40  Liberator x2  
  189  31:41  Liberator  
  189  31:43  Liberator x2  
  187  31:47  Marine  
  195  32:10  Command Center  
  195  32:20  Nuke  
  195  32:35  Ghost x2  
  183  32:59  Marine x5, Marauder x3  
  184  33:13  Viking x4  
  184  33:15  Marauder  
  184  33:16  Marauder  
  196  33:21  Nuke x2  
  194  33:53  Refinery  
  194  33:58  Planetary Fortress  
  194  34:05  Refinery  
  194  34:10  Liberator x2, Missile Turret x2  
  194  34:12  Missile Turret  
  194  34:13  Sensor Tower  
  184  34:40  Marine x6, Marauder  
  184  34:41  Marine, Marauder x2  
  184  34:42  Marauder x2  
  197  34:47  Ghost  
  199  35:10  Missile Turret  
  199  35:11  Missile Turret x2  
  199  35:12  Missile Turret  
  179  35:44  Ghost  
  179  35:45  Ghost x3  
  179  35:46  Marine x5, Marauder x2  
  179  35:47  Marine  
  179  35:48  Marine x2  
  195  36:07  Ghost x2  
  199  36:23  Nuke x2  
  193  36:35  Missile Turret  
  193  36:37  Missile Turret  
  191  36:46  Refinery  
  191  36:55  Ghost  
  191  37:01  Missile Turret  
  180  37:17  Nuke x2  
  180  37:21  Missile Turret  
  180  37:22  Missile Turret  
  180  37:23  Liberator x2  
  180  37:25  Ghost x2  
  180  37:27  Ghost x3  
  180  37:41  Missile Turret  
  180  37:42  Missile Turret, Ghost  
  184  37:54  Ghost x2  
  178  37:59  Marauder x3  
  178  38:00  Marine x4  
  179  38:07  Nuke x2  
  179  38:08  Viking x4  
  179  38:10  Marine x4, Ghost  
  180  38:17  Marine x2  
  180  38:18  Marine  
  180  38:20  Ghost x3  
  180  38:22  Ghost x2  
  180  38:23  Viking x2  
  180  38:26  Nuke  
  194  38:31  Marine x5  
  197  38:46  Viking x2  
  197  38:47  Viking  
  199  39:09  Viking x3  
  198  39:19  Orbital Command  
  194  39:28  Ghost  
  194  39:29  Ghost x2  
  194  39:34  Nuke x2  
  194  39:35  Nuke x2  
  179  40:28  Viking x3  
  179  40:29  Marine x2, Viking x3, Ghost x3  
  179  40:30  Marine x3  
  197  40:47  Nuke  
  191  40:54  Nuke  
  189  41:04  Medivac x2  
  189  41:05  Medivac  
  189  41:07  Marauder x2  
  199  41:11  Missile Turret  
  199  41:15  Missile Turret  
  192  41:53  Viking x4  
  186  42:24  Marine  
  186  42:25  Marine x4  

Tags
 
Add a new tag
Caveats
  • Supply blocks, unpowered buildings, or Contaminate may cause inaccurate times.
  • Supply counts are checked every 10 seconds.